[Event "*** SCC Grand Prix: Titled Tuesday Blitz"]
[Site "Chess.com"]
[Date "2020.06.09"]
[Round "3"]
[White "Haykos"]
[Black "2346PL"]
[Result "1/2-1/2"]
[WhiteElo "2595"]
[BlackElo "2411"]
[TimeControl "180+1"]
[EndTime "9:29:20 PDT"]
[Termination "Game drawn by agreement"]

1. e4 c5 2. Nf3 Nf6 3. e5 Nd5 4.
c4 e6 5. cxd5 exd5 6. d4 d6 7.
Nc3 Be6 8. Bf4 Qb6 9. Bb5+ Nc6 10. exd6 O-O-O 11. dxc5 Qxc5 12. Rc1 Qb4 13. O-O Qxf4 14. Bxc6 bxc6 15. Nxd5 Qxd6 16. Nc3 Qxd1 17. Rfxd1 Rxd1+ 18. Rxd1 Be7 19. Nd4 Rd8 20. Nxe6 Rxd1+ 21. Nxd1 fxe6 22. Kf1 Bf6 23. Ke2 Kc7 24. Kd3 Kd6 25. Kc4 h5 26. b4 g5 27. a4 g4 28. Ne3 Bg5 29. Nc2 e5 30. Na3 a6 31. Nc2 h4 32. h3 gxh3 33. gxh3 Bc1 34. Ne1 e4 35. Kd4 Bd2 36. Nc2 Bxb4 37.
Nxb4 c5+ 38. Kc4 cxb4 39. Kxb4 Ke5 40. Ka5 Kf4 41. Kxa6 Kf3 42. Kb5 Kxf2 43. a5 e3 44. a6 e2 45. a7 e1=Q 46. a8=Q Qe2+ 47. Kc5 Qe3+ 48. Kc4 Qf4+ 49. Kd3 Kg3 50. Qg8+ Kxh3 51. Ke2 Qe4+ 52. Kf2 Qc2+ 53. Kf3 Qd1+ 54. Kf2 Qd2+ 55. Kf3 1/2-1/2

[Event "*** SCC Grand Prix: Titled Tuesday Blitz"]
[Site "Chess.com"]
[Date "2020.06.09"]
[Round "3"]
[White "Gordima"]
[Black "FairChess_on_YouTube"]
[Result "0-1"]
[WhiteElo "2723"]
[BlackElo "3032"]
[TimeControl "180+1"]
[EndTime "9:29:22 PDT"]
[Termination "FairChess_on_YouTube won on time"]

1. d4 d5 2. c4 c6 3. Nf3 Nf6 4. e3 Bf5 5. Nc3 a6 6. cxd5 cxd5 7. Ne5 Nc6 8. Qa4 Bd7 9. Nxd7 Qxd7 10. Bd2 e6 11. Bd3 Bd6 12. O-O O-O 13. Rfc1 Rfc8 14. Qd1 e5 15. dxe5 Nxe5 16. Bf1 Nc4 17. Be1 Be5 18. Rab1 b5 19. g3 Rd8 20. Bg2 Rac8 21. Rc2 h5 22. h3 Qf5 23. Rbc1 Bxg3 24. fxg3 Nxe3 25. Rf2 Nxd1 26. Rxf5 Nxb2 27. Rb1 Nd3 28. Nxd5 Nxd5 29. Bxd5 Rd7 30. Rxh5 g6 31. Rg5 Rc5 32. Rxg6+ Kh7 33. Bxf7 Rxf7 34. Rxa6 Rf3 35. Kg2 Re3 36. Ba5 Rc2+ 37. Kh1 Nf2+ 38. Kg2 Ne4+ 39. Kg1 Rxg3+ 40. Kh1 Rxh3+ 41. Kg1 Rg3+ 42. Kh1 Rgg2 43. Ra7+ Kg6 44. Be1 Rge2 45. Ra6+ Kf5 0-1

[Event "*** SCC Grand Prix: Titled Tuesday Blitz"]
[Site "Chess.com"]
[Date "2020.06.09"]
[Round "3"]
[White "pheonixking2000"]
[Black "Natalya_Buksa"]
[Result "1-0"]
[WhiteElo "2761"]
[BlackElo "2562"]
[TimeControl "180+1"]
[EndTime "9:29:23 PDT"]
[Termination "pheonixking2000 won by resignation"]

1. c4 e6 2. Nc3 d5 3. d4 Nf6 4.
cxd5 exd5 5. Bg5 Nbd7 6. e3 c6 7. Bd3 Be7 8. Nge2 Nh5 9. Bxe7 Qxe7 10. Rb1 a5 11. Qc2 b5 12. a3 Nb6 13. O-O f5 14. Bxf5 g6 15. Bxc8 Rxc8 16. Rbc1 O-O 17. a4 b4 18. Nb1 Nf6 19. Nd2 Rc7 20. Nb3 Ra8 21. Nf4 Nxa4 22. Ra1 Nb6 23. Rxa5 Rac8 24. Nd3 Nc4 25.
Raa1 Ng4 26. h3 Nf6 27. Na5 Nxa5 28. Rxa5 Ne4 29. Rc1 Kh8 30. Qb3 Rb8 31. Ne5 Qf6 32. f3 Ng3 33. Qd3 Rbc8 34. Qd2 c5 35. Raxc5 Rxc5 36.
Rxc5 Rxc5 37. Nd7 Rc1+ 38. Qxc1 Qe7 39. Qe1 Nf5 40. Ne5 Kg7 41. g4 Nh4 42. f4 g5 43.
Qf2 Qc7 44. fxg5 Ng6 45. Qf6+ Kg8 46. Nxg6 hxg6 47. Qxg6+ Kf8 48. Qf6+ Kg8 49. Qe6+ Kf8 50. Qf5+ Kg8 51. Qxd5+ Kf8 52. Qc5+ Qxc5 53. dxc5 1-0

[Event "*** SCC Grand Prix: Titled Tuesday Blitz"]
[Site "Chess.com"]
[Date "2020.06.09"]
[Round "3"]
[White "TomsKantans"]
[Black "MFBerna"]
[Result "1-0"]
[WhiteElo "2633"]
[BlackElo "2420"]
[TimeControl "180+1"]
[EndTime "9:29:23 PDT"]
[Termination "TomsKantans won on time"]

1. e4 c5 2. Nf3 d6 3. d4 cxd4 4.
Nxd4 Nf6 5. Nc3 Nc6 6. f4 g6 7.
Be3 Bg7 8. Qd2 O-O 9. O-O-O Bd7 10. Kb1 Rc8 11. h4 Bg4 12. Re1 h5 13. f5 Ne5 14.
Bh6 a6 15. Nd5 Nxd5 16. exd5 Qb6 17. Bxg7 Kxg7 18. Re4 Rc5 19. Nb3 Rc7 20. fxg6 fxg6 21.
Bd3 Rf2 22. Qg5 Bf5 23. g4 Bxg4 24. Rxe5 dxe5 25. Qxe5+ Qf6 26. Qxc7 Bf5 27. Bxf5 Qxf5 28. a4 Kh6 29. Re1 Rf1 30. Rxf1 Qxf1+ 31. Ka2 Qf2 32. c4 Qxh4 33. Na5 Qd4 34. Nxb7 h4 35. Nd8 h3 36.
Ne6 Qf6 37. Qg3 Qf5 38. Nf4 Qe4 39. Qxh3+ Kg7 40. Ne6+ Kf6 41. Qc3+ Kf5 42. Nd4+ Kg5 43. Nb3 1-0

[Event "*** SCC Grand Prix: Titled Tuesday Blitz"]
[Site "Chess.com"]
[Date "2020.06.09"]
[Round "3"]
[White "bait_or_mate"]
[Black "g3god"]
[Result "0-1"]
[WhiteElo "2591"]
[BlackElo "2880"]
[TimeControl "180+1"]
[EndTime "9:29:24 PDT"]
[Termination "g3god won by resignation"]

1. d4 Nf6 2. c4 e6 3. Nf3 b6 4.
a3 Bb7 5. Nc3 d5 6. cxd5 Nxd5 7.
Qc2 Nxc3 8. bxc3 Nd7 9. e4 c5 10. Bd3 cxd4 11. cxd4 Rc8 12. Qb1 Be7 13. O-O O-O 14.
Be3 Qc7 15. a4 a5 16. Rc1 Qb8 17. Qb5 Rfd8 18. Rxc8 Qxc8 19. Rc1 Qa8 20. Nd2 Rc8 21. Nc4 Bc6 22. Nxb6 Bxb5 23. Rxc8+ Qxc8 24. Nxc8 Bxd3 25. Nxe7+ Kf8 26. Nc6 Bxe4 27. Nxa5 Bd5 28. Kf1 Nb6 29. f3 Nxa4 30. Ke2 Ke8 31. Kd2 Kd7 32. Kc2 Kc7 33.
Nb3 Bxb3+ 34. Kxb3 Nb6 35. Kc2 Nd5 36. Bd2 Kc6 37. Kd3 Kb5 38. g3 h5 39. Be1 g5 40.
Bd2 g4 41. fxg4 hxg4 42. Be1 Ka4 43. Bd2 Kb3 44. Bh6 Kb2 45. Bg5 Kb3 46. Bh6 f5 47. Bg5 Nb4+ 48. Ke3 Kc4 49. Kf2 Kxd4 50. Kg2 Ke4 51.
h3 gxh3+ 52. Kxh3 Kf3 53. Bf4 Nd5 54. Be5 Ne3 55. Kh4 Nc4 56. Bb8 e5 57. Kg5 e4 58.
Kxf5 e3 59. g4 e2 60. Bg3 Kxg3 0-1

[Event "*** SCC Grand Prix: Titled Tuesday Blitz"]
[Site "Chess.com"]
[Date "2020.06.09"]
[Round "3"]
[White "BocharovD"]
[Black "Shuvalov"]
[Result "1-0"]
[WhiteElo "2737"]
[BlackElo "2449"]
[TimeControl "180+1"]
[EndTime "9:29:24 PDT"]
[Termination "BocharovD won on time"]

1. c4 c6 2. Nf3 d5 3. e3 Nf6 4. Nc3 a6 5. Qc2 Bg4 6. Ne5 Bh5 7. Qb3 Ra7 8. d4 e6 9. Bd2 Nbd7 10. Nd3 Bd6 11. c5 Bc7 12. Nf4 Bg6 13. Be2 O-O 14. Nxg6 hxg6 15. O-O e5 16. Rfe1 Re8 17. Rad1 Nf8 18.
dxe5 Bxe5 19. Bf3 Ne6 20. Na4 Qc7 21. g3 g5 22. h3 Bxg3 23. fxg3 Qxg3+ 24. Bg2 Ne4 25.
Rf1 g4 26. Be1 Qe5 27. hxg4 N6g5 28. Rf5 Qc7 29. Qb6 Qb8 30. Bh4 Ne6 31. Rdf1 Rf8 32. Bxe4 dxe4 33. Kg2 f6 34. Bg3 Qa8 35. Nc3 Re8 36.
Nxe4 Kh7 37. g5 fxg5 38. Nxg5+ Nxg5 39. Rxg5 Re7 40. Rh1+ Kg8 41. Qb3+ Rf7 42. Rf5 b5 43. cxb6 Rb7 44. Rxf7 Rxf7 45. Rf1 c5+ 46. Kg1 c4 47. Qxc4 Qb7 48. Qxf7+ Qxf7 49. Rxf7 Kxf7 50. b7 1-0

[Event "*** SCC Grand Prix: Titled Tuesday Blitz"]
[Site "Chess.com"]
[Date "2020.06.09"]
[Round "3"]
[White "TST2014"]
[Black "pitterson"]
[Result "0-1"]
[WhiteElo "2540"]
[BlackElo "2424"]
[TimeControl "180+1"]
[EndTime "9:29:24 PDT"]
[Termination "pitterson won on time"]

1. d4 d6 2. Nf3 Nd7 3. c4 Ngf6 4. Nc3 e5 5. e4 Be7 6. Be2 O-O 7. O-O c6 8. Bg5 Qc7 9. Rc1 Re8 10. Qd2 Nf8 11. d5 c5 12. a3 a6 13. b4 b6 14. Rb1 h6 15. Bh4 Ng6 16. Bg3 Nh5 17. bxc5 bxc5 18. Na4 Nhf4 19. Nb6 Rb8 20. Nxc8 Rexc8 21. Rfc1 Bd8 22.
Bd1 Qa5 23. Qxa5 Bxa5 24. Kf1 Nd3 25. Rxb8 Rxb8 26. Ra1 Rb2 27. Be2 Ngf4 28. Bxf4 Nxf4 29. Ng1 Bc3 30. Rc1 Bd4 31. g3 Nxe2 32. Nxe2 Ra2 33. Nxd4 exd4 34. Rb1 Rxa3 35. Rb6 d3 36. Ke1 Ra2 37.
Rxd6 Re2+ 38. Kf1 Rxe4 39. Rd8+ Kh7 40. Rb8 d2 41. Rb1 Rxc4 42. Ke2 Rd4 43. Kd1 Rxd5 44. Ra1 c4 45. Rxa6 c3 46. Rc6 Rd3 47. h4 h5 48.
Rc5 Kg6 49. Rg5+ Kh6 50. Rc5 f5 51. Rc6+ g6 52. Rc5 Rf3 53. Rc6 Kg7 54. Ke2 Rd3 55.
Kd1 Kf7 56. Rc4 Ke6 57. f4 Kd5 58. Rd4+ Rxd4 0-1

[Event "*** SCC Grand Prix: Titled Tuesday Blitz"]
[Site "Chess.com"]
[Date "2020.06.09"]
[Round "3"]
[White "GM_LOADING"]
[Black "pavelalexandru07"]
[Result "1-0"]
[WhiteElo "2494"]
[BlackElo "2149"]
[TimeControl "180+1"]
[EndTime "9:29:24 PDT"]
[Termination "GM_LOADING won by resignation"]

1. e4 c5 2. Nf3 d6 3. d4 cxd4 4. Nxd4 Nf6 5. Nc3 a6 6. Be2 e5 7. Nf3 Be7 8. Bg5 Be6 9. Bxf6 Bxf6 10. O-O O-O 11. Nd5 Nd7 12. Bc4 Nb6 13. Bb3 Nxd5 14.
Bxd5 Qc7 15. c3 Rac8 16. a4 Rfd8 17. Qb3 Bxd5 18. Qxd5 Qb6 19. Qd2 Qc6 20. Rfe1 d5 21.
exd5 Rxd5 22. Qc2 b5 23. axb5 axb5 24. Re4 Rc5 25. Rae1 Qd6 26. Qe2 Re8 27. Qc2 g6 28. h3 Bg7 29. R4e2 f5 30. Ng5 Qd5 31. Rd1 Qc4 32.
Rd7 h6 33. Nf3 e4 34. Nh4 g5 35. Ng6 Qe6 36. Red2 Qxg6 37. R2d6 Qh5 38. Qb3+ Kh8 39.
Rb7 Be5 40. Rdd7 Qg6 41. Rh7+ Qxh7 42. Rxh7+ Kxh7 43. Qf7+ Kh8 44. Qxe8+ Kh7 45. Qe7+ Kh8 46. Qxc5 Bf4 47. Qxf5 e3 48. fxe3 1-0

[Event "*** SCC Grand Prix: Titled Tuesday Blitz"]
[Site "Chess.com"]
[Date "2020.06.09"]
[Round "3"]
[White "DaggiGretarsson"]
[Black "Manukyan_Artak"]
[Result "0-1"]
[WhiteElo "2592"]
[BlackElo "2289"]
[TimeControl "180+1"]
[EndTime "9:29:25 PDT"]
[Termination "Manukyan_Artak won on time"]

1. d4 c6 2. c4 d5 3. Nc3 dxc4 4. e4 b5 5. a4 b4 6. Na2 b3 7. Nc3 Ba6 8. Nf3 Nf6 9. Ne5 e6 10. Bxc4 Bb4 11. Bxa6 Nxa6 12. O-O Bxc3 13. bxc3 Nxe4 14. Qf3 f5 15. Ba3 Qd5 16. Qh5+ g6 17. Nxg6 O-O-O 18. Nxh8 Rxh8 19. Qf7 Nc7 20. Bb4 Nd2 21. c4 Nxc4 22. Rab1 Nb6 23. a5 Nd7 24. Rfc1 Nb5 25. Qg7 Rd8 26. Bc3 Kb8 27. h3 Ka8 28. a6 Rb8 29. Qxh7 Na3 30. Rb2 Nc4 31. Qg7 Nxb2 32. Bxb2 Nb6 33. h4 Nc4 34. Rxc4 Qxc4 35. d5 Qxd5 36. h5 Qd1+ 37. Kh2 Qxh5+ 38. Kg1 Qd1+ 39. Kh2 Qh5+ 40. Kg1 f4 41. Bd4 Qd1+ 42. Kh2 b2 0-1

[Event "*** SCC Grand Prix: Titled Tuesday Blitz"]
[Site "Chess.com"]
[Date "2020.06.09"]
[Round "3"]
[White "Oleksandr_Bortnyk"]
[Black "NicoChasin"]
[Result "1-0"]
[WhiteElo "2950"]
[BlackElo "2472"]
[TimeControl "180+1"]
[EndTime "9:29:26 PDT"]
[Termination "Oleksandr_Bortnyk won by checkmate"]

1. d4 Nf6 2. Bf4 d6 3. e3 Nbd7 4. Nf3 g6 5. h3 Bg7 6. Be2 O-O 7. O-O c6 8. c4 Qc7 9. c5 Nd5 10. Bh2 Rd8 11. Nbd2 Bf8 12. e4 N5f6 13. e5 Nd5 14.
exd6 exd6 15. Ne4 N7f6 16. Nxd6 Bxd6 17. Bxd6 Rxd6 18. cxd6 Qxd6 19. Ne5 Bf5 20. Bf3 Qb4 21. Qb3 Qxb3 22. axb3 a6 23. Nc4 Rd8 24. Rfe1 Kf8 25. Ne3 Nxe3 26. fxe3 Ne4 27. Rad1 Nd6 28. e4 Be6 29. d5 cxd5 30. exd5 Bf5 31. Rc1 Nb5 32. b4 h5 33. Kf2 h4 34. Rc4 g5 35. Re5 Nd6 36.
Rc7 f6 37. Ree7 Re8 38. Rxe8+ Kxe8 39. Ke3 Kd8 40. Rg7 Ke8 41. Kd4 b6 42. Be2 Bd7 43. Rh7 Nf5+ 44. Kc3 Ne3 45. Bf3 Kd8 46. d6 Nf5 47.
Rxd7+ Kxd7 48. Bg4 Kxd6 49. Bxf5 a5 50. bxa5 bxa5 51. Kd4 a4 52. Bc2 Ke6 53. Bxa4 f5 54. Bc2 g4 55. b4 Kf6 56. b5 Kg5 57. Bxf5 Kxf5 58. b6 Kf4 59. b7 Kg3 60. b8=Q+ Kxg2 61. hxg4 h3 62. g5 h2 63. Qxh2+ Kxh2 64. g6 Kg3 65. g7 Kg4 66. g8=Q+ Kf5 67. Qf7+ Kg5 68. Ke4 Kg4 69. Qg6+ Kh3 70. Kf3 Kh2 71. Qg2# 1-0

[Event "*** SCC Grand Prix: Titled Tuesday Blitz"]
[Site "Chess.com"]
[Date "2020.06.09"]
[Round "3"]
[White "Harsha_Bharathakoti"]
[Black "DivyaDeshmukh23"]
[Result "0-1"]
[WhiteElo "2755"]
[BlackElo "2472"]
[TimeControl "180+1"]
[EndTime "9:29:27 PDT"]
[Termination "DivyaDeshmukh23 won on time"]

1. c4 e5 2. Nc3 Nf6 3. Nf3 Nc6 4. e3 Bb4 5. Qc2 O-O 6. Nd5 Bc5 7. a3 a5 8. Ng5 g6 9. h4 h6 10. Nxf6+ Qxf6 11. Ne4 Qe7 12. h5 g5 13. Bd3 d6 14.
Ng3 Qf6 15. Be4 Ne7 16. b3 Qg7 17. Bb2 f5 18. Bd3 Be6 19. Ne2 c6 20. Nc3 Rfc8 21.
O-O-O d5 22. f4 b5 23. fxe5 dxc4 24. bxc4 b4 25. Nb1 bxa3 26. Nxa3 Rab8 27. Be2 Bxa3 28. Bxa3 Qxe5 29. Bb2 Qe4 30. Bd3 Qg4 31. Qc3 Rxb2 32. Qxb2 Bxc4 33. Qc3 Bxd3 34. Qxd3 Nd5 35. Rhf1 Qb4 36.
Qxf5 Qc4+ 37. Qc2 Qb4 0-1

[Event "*** SCC Grand Prix: Titled Tuesday Blitz"]
[Site "Chess.com"]
[Date "2020.06.09"]
[Round "3"]
[White "mbachez"]
[Black "ZverevLev"]
[Result "1-0"]
[WhiteElo "2532"]
[BlackElo "2252"]
[TimeControl "180+1"]
[EndTime "9:29:28 PDT"]
[Termination "mbachez won by checkmate"]

1. e4 e5 2. Nf3 Nc6 3. Bb5 a6 4. Ba4 Nf6 5. d3 Bc5 6. c3 b5 7. Bb3 d6 8. h3 Bb6 9. a4 Bd7 10. O-O O-O 11. Bg5 h6 12. axb5 hxg5 13. bxc6 Bxc6 14.
Nxg5 d5 15. Qf3 Nxe4 16. Nxe4 dxe4 17. dxe4 Qh4 18. Nd2 a5 19. Rad1 Rab8 20. Bd5 Bb5 21. c4 Bd7 22. c5 Bxc5 23. Nb3 Bd6 24. Rc1 a4 25. Nc5 Bxc5 26. Rxc5 c6 27. Bxc6 Rb3 28. Qe2 Bxh3 29. Rfc1 Bxg2 30. Kxg2 Rh3 31. Rg1 Rh2+ 32.
Kf1 Rd8 33. Bd5 Rb8 34. Rc2 a3 35. Qf3 Qe7 36. bxa3 Rb1+ 37. Ke2 Rxg1 38. Rc8+ Kh7 39. Bxf7 Qb7 40. Qf5+ g6 41. Bg8+ Kg7 42. Qf8+ Kh8 43. Bd5+ Kh7 44. Qh8# 1-0

[Event "*** SCC Grand Prix: Titled Tuesday Blitz"]
[Site "Chess.com"]
[Date "2020.06.09"]
[Round "3"]
[White "OparinGrigoriy"]
[Black "stanyga"]
[Result "1-0"]
[WhiteElo "2907"]
[BlackElo "2658"]
[TimeControl "180+1"]
[EndTime "9:29:29 PDT"]
[Termination "OparinGrigoriy won on time"]

1. Nf3 d5 2. g3 Nf6 3. Bg2 g6 4. O-O Bg7 5. c4 dxc4 6. Na3 O-O 7. Nxc4 c5 8. d4 Na6 9. dxc5 Nxc5 10. Be3 Nfe4 11.
Rc1 Be6 12. Bd4 Rc8 13. Bxg7 Qxd1 14. Rfxd1 Kxg7 15. Nd4 Bxc4 16. Rxc4 Nd6 17. Rcc1 Rfd8 18. Bh3 Rc7 19. Nb5 Rc6 20. b4 Na6 21. Nxa7 Rxc1 22. Rxc1 Ra8 23. b5 Rxa7 24. bxa6 Rxa6 25. Rc2 Kf6 26. f4 b5 27. Bg2 Nc4 28. Kf2 Ra3 29. Bc6 Nd6 30. Bd5 e5 31. e3 exf4 32. gxf4 Nf5 33. Bb3 Ra6 34. Rc5 Rb6 35. e4 Nd4 36.
e5+ Kf5 37. e6+ Kf6 38. exf7 Kg7 39. Rc8 Rf6 40. Rg8+ Kh6 41. f8=Q+ 1-0

[Event "*** SCC Grand Prix: Titled Tuesday Blitz"]
[Site "Chess.com"]
[Date "2020.06.09"]
[Round "3"]
[White "Kildepiotr"]
[Black "XiaoKangZhong"]
[Result "1-0"]
[WhiteElo "2595"]
[BlackElo "2395"]
[TimeControl "180+1"]
[EndTime "9:29:30 PDT"]
[Termination "Kildepiotr won by checkmate"]

1. Nf3 d5 2. g3 Nf6 3. Bg2 h6 4. O-O Bf5 5. d3 e6 6. Nbd2 Be7 7. Qe1 O-O 8. e4 Bh7 9. Qe2 a5 10. a4 c6 11. b3 Na6 12. Bb2 Nc7 13. Ne5 Nd7 14.
f4 Nxe5 15. Bxe5 Bf6 16. Bxf6 Qxf6 17. e5 Qe7 18. Nf3 c5 19. c4 Rad8 20. Rfd1 b6 21.
Rac1 Na6 22. d4 Nb4 23. Rd2 dxc4 24. Rxc4 cxd4 25. Nxd4 Rc8 26. Nb5 Rc5 27. Nd6 Qc7 28. Qe3 Bg6 29. Rxc5 bxc5 30. Nc4 Rd8 31. Rd6 Bc2 32.
Be4 Nd5 33. Qf3 Bxe4 34. Qxe4 Rb8 35. f5 Rxb3 36. fxe6 fxe6 37. Rxe6 Ne7 38. Nd6 Rb4 39. Qa8+ Rb8 40. Qf3 Rb1+ 41. Kg2 Rb2+ 42. Kh3 Ng6 43.
Re8+ Kh7 44. Qf5 Re2 45. Re6 Kg8 46. Qxg6 Rf2 47. Re8+ Rf8 48. Qe6+ Kh7 49. Rxf8 h5 50. Qf5+ Kh6 51. Rh8# 1-0

[Event "*** SCC Grand Prix: Titled Tuesday Blitz"]
[Site "Chess.com"]
[Date "2020.06.09"]
[Round "3"]
[White "ARTHURMOTIVATOR"]
[Black "lelajavakhishvili"]
[Result "1-0"]
[WhiteElo "2273"]
[BlackElo "2446"]
[TimeControl "180+1"]
[EndTime "9:29:30 PDT"]
[Termination "ARTHURMOTIVATOR won on time"]

1. e4 d6 2. d4 Nf6 3. Nc3 g6 4. Bg5 c6 5. Qd2 Nbd7 6. f4 b5 7. a3 Nb6 8. Nf3 Bg7 9. e5 Nfd5 10. Nxd5 Nxd5 11. Bd3 O-O 12. O-O f6 13. exf6 exf6 14. Bh4 Qc7 15. f5 gxf5 16. Bg3 f4 17. Bxf4 f5 18.
Rae1 Bd7 19. c4 bxc4 20. Bxc4 Rae8 21. Bxd5+ cxd5 22. Qb4 Rxe1 23. Rxe1 Rb8 24. Qxd6 Qxd6 25. Bxd6 Rxb2 26. Re7 Bb5 27. Be5 Bh6 28. h3 Be3+ 29. Kh2 Bf1 30. Nh4 f4 31. Rg7+ Kf8 32. Rg5 Ke8 33.
Rf5 Be2 34. Bxf4 Bxd4 35. Bg3 Bg7 36. Rxd5 Bc4 37. Rc5 Be6 38. Rc6 Bd7 39. Rc7 a5 40. Rc5 a4 41. Nf5 Bf8 42. Re5+ Kf7 43. Ra5 Bc6 44.
Ne3 1-0

[Event "*** SCC Grand Prix: Titled Tuesday Blitz"]
[Site "Chess.com"]
[Date "2020.06.09"]
[Round "3"]
[White "sasko1234"]
[Black "chessfrendz"]
[Result "1/2-1/2"]
[WhiteElo "2472"]
[BlackElo "2325"]
[TimeControl "180+1"]
[EndTime "9:29:31 PDT"]
[Termination "Game drawn by agreement"]

1. b3 e5 2. Bb2 Nc6 3. e3 Nf6 4. Nf3 Bd6 5. Na3 e4 6. Nh4 Bxa3 7. Bxa3 d6 8. g3 g5 9. Ng2 Bg4 10. Be2 Ne5 11. Bb2 Bxe2 12. Qxe2 Nf3+ 13. Kd1 Qe7 14. Ne1 Nxe1 15. Rxe1 O-O-O 16. a4 d5 17. a5 a6 18. Kc1 Rhg8 19. Rh1 Qe6 20. h4 g4 21. Rd1 h5 22. Kb1 Rg6 23. Rc1 Kb8 24. Ra4 Nd7 25. Bd4 c5 26. Bb2 Ne5 27. Bxe5+ Qxe5 28. d4 exd3 29.
Qxd3 Rf6 30. Qd2 Rf3 31. Rd1 Rc8 32. Rf4 Rd8 33. Rxf3 gxf3 34. Qd3 f5 35. Qd2 Qe4 36. Qd3 Kc8 37. Qxe4 dxe4 38. Rxd8+ Kxd8 39. Kb2 Kd7 40. Kc3 Kd6 41. Kc4 Kc6 42. c3 Kd6 43. b4 cxb4 44.
cxb4 Kc6 45. Kd4 Kb5 46. Kc3 b6 47. axb6 Kxb6 48. Kc4 Kc6 49. Kd4 Kb5 50. Kc3 Kb6 51. Kc4 Kc6 52. Kd4 Kb5 1/2-1/2

[Event "*** SCC Grand Prix: Titled Tuesday Blitz"]
[Site "Chess.com"]
[Date "2020.06.09"]
[Round "3"]
[White "publicaccountcze"]
[Black "von_Eschenbach"]
[Result "0-1"]
[WhiteElo "2255"]
[BlackElo "2478"]
[TimeControl "180+1"]
[EndTime "9:29:32 PDT"]
[Termination "von_Eschenbach won on time"]

1. e4 c5 2. Nf3 e6 3. d4 cxd4 4. Nxd4 Nc6 5. Nc3 Nf6 6. Be2 Bb4 7. f3 d5 8. Nxc6 bxc6 9. O-O Ba6 10. Bxa6 Qb6+ 11. Kh1 Qxa6 12. e5 Nd7 13. f4 Bxc3 14. bxc3 g6 15. Be3 Qc4 16. Qd4 Qxd4 17. cxd4 Rb8 18. Rab1 Ke7 19. h3 Rxb1 20. Rxb1 Rb8 21. Rxb8 Nxb8 22. Kg1 Na6 23. a3 Nc7 24. a4 Kd7 25.
Kf1 Kc8 26. Ke2 Kb7 27. Kd3 Kb6 28. Bd2 c5 29. dxc5+ Kxc5 30. Be3+ Kb4 31. Bxa7 Kxa4 32. c4 Kb4 33. cxd5 Nxd5 34. g3 h5 35. h4 Ne7 36.
Bf2 Nf5 37. Be1+ Kc5 38. Bf2+ Kd5 39. Be1 Ne7 40. Bf2 Nc6 41. Be1 Kc5 42. Bc3 Ne7 43. Be1 Nd5 44. Bd2 Nb4+ 45. Ke4 Kc4 46. Bxb4 Kxb4 47.
Kf3 Kc4 48. g4 Kd4 49. f5 Kxe5 50. fxe6 fxe6 0-1

[Event "*** SCC Grand Prix: Titled Tuesday Blitz"]
[Site "Chess.com"]
[Date "2020.06.09"]
[Round "3"]
[White "QuintilianoR"]
[Black "GigaQuparadze"]
[Result "0-1"]
[WhiteElo "2634"]
[BlackElo "2839"]
[TimeControl "180+1"]
[EndTime "9:29:33 PDT"]
[Termination "GigaQuparadze won on time"]

1. d4 Nf6 2. c4 e6 3. Nf3 b6 4. g3 Bb4+ 5. Nbd2 Ba6 6. Qc2 Bb7 7.
Bg2 Be4 8. Qb3 Bxd2+ 9. Bxd2 O-O 10. O-O d6 11. Rfd1 Nbd7 12. Bh3 h6 13. Rac1 a5 14. Ne1 a4 15. Qe3 Bb7 16. f3 e5 17. Bc3 Re8 18. d5 b5 19. b3 axb3 20. axb3 Nb6 21. Qd3 bxc4 22. bxc4 e4 23. fxe4 Nxe4 24. Bd4 Bc8 25. Bg2 Bf5 26. Qb3 Nd7 27. Nf3 Ndc5 28. Qb2 Rb8 29. Qa2 Nb3 30. Rc2 Bg6 31. Re1 Nec5 32.
Bxc5 Nxc5 33. Rc3 Qf6 34. Ra3 Be4 35. Qd2 Rb2 36. Qd4 Qxd4+ 37. Nxd4 Bxg2 38. Kxg2 Re4 39.
Rd1 Rb4 40. Rc3 g6 41. Kf3 h5 42. h4 Re8 43. Rdc1 Nd7 44. Re3 Ne5+ 45. Kg2 Ra8 46. Nf3 Rxc4 47. Rxc4 Nxc4 48. Re7 Rc8 49. Ng5 Ne5 50.
Nf3 Kf8 51. Nxe5 Kxe7 0-1

[Event "*** SCC Grand Prix: Titled Tuesday Blitz"]
[Site "Chess.com"]
[Date "2020.06.09"]
[Round "3"]
[White "froylanajedrez"]
[Black "Margarita2907"]
[Result "1-0"]
[WhiteElo "2335"]
[BlackElo "2044"]
[TimeControl "180+1"]
[EndTime "9:29:33 PDT"]
[Termination "froylanajedrez won by checkmate"]

1. Nf3 d5 2. g3 Nf6 3. Bg2 e6 4.
O-O Be7 5. c4 O-O 6. d4 c6 7.
Nc3 b6 8. Qd3 Ba6 9. b3 Nbd7 10.
Rd1 Rc8 11. e4 c5 12. e5 Ne8 13. dxc5 bxc5 14. Bb2 d4 15. Ne4 Qc7 16. Neg5 g6 17. Qe4 Kg7 18. Re1 h6 19. Nh3 Bb7 20. Qe2 Kh7 21.
Nf4 Ng7 22. Rad1 Nf5 23. h4 Qb8 24. Nd2 Bd8 25. Ne4 Nxe5 26. Nxc5 Rxc5 27. Bxb7 Qxb7 28. Ba3 Nf3+ 29. Kf1 Re5 30. Qxe5 Nxe5 31. Rxe5 Be7 32. Bxe7 Nxe7 33. Rxd4 Qh1+ 34. Ke2 Qa1 35. Rde4 Qxa2+ 36. Kf3 Qxb3+ 37. Kg2 Nc6 38. Rc5 Nb4 39. Rc7 a5 40. Nxe6 Re8 41. Rxf7+ Kh8 42. Rd4 Qc3 43. Rdd7 Rxe6 44.
Rf8# 1-0

[Event "*** SCC Grand Prix: Titled Tuesday Blitz"]
[Site "Chess.com"]
[Date "2020.06.09"]
[Round "3"]
[White "WIDBIFS"]
[Black "amintabatabaei"]
[Result "1-0"]
[WhiteElo "2668"]
[BlackElo "2872"]
[TimeControl "180+1"]
[EndTime "9:29:34 PDT"]
[Termination "WIDBIFS won by resignation"]

1. d4 Nf6 2. Nf3 d5 3. Bf4 Bf5 4. e3 e6 5. c4 Bxb1 6. Qxb1 Bb4+ 7. Kd1 Bd6 8. Bg3 O-O 9. Bd3 dxc4 10. Bxc4 c5 11. Ke2 Nc6 12. Rd1 Bxg3 13. hxg3 cxd4 14. Nxd4 Qc7 15. Bb3 Rfd8 16. Nxc6 Qxc6 17. f3 Ng4 18. Qc2 Qxc2+ 19. Bxc2 Nf6 20. e4 h6 21. Bb3 Kf8 22.
Rac1 Rxd1 23. Kxd1 Rd8+ 24. Ke2 Ke7 25. Ke3 Rd7 26.
Ba4 b5 27. Bxb5 Rb7 28. a4 a6 29. Bxa6 Rxb2 30. Ra1 Rxg2 31. a5 Nd7 32. Bb5 Nc5 33. a6 Nxa6 34. Rxa6 Rxg3 35. Ra7+ Kf8 36. Ra8+ Ke7 37.
e5 f6 38. Ra7+ Kf8 39. Bc4 fxe5 40. Bxe6 Rg6 41. Bd5 Rg5 42. Ke4 h5 43. Rf7+ Ke8 44.
Rf5 Rxf5 45. Kxf5 Ke7 46. Kxe5 g6 47. f4 h4 48. Bg2 Kf7 49. Bh3 Kg7 50. Ke6 Kh6 51. Kf6 Kh5 52. Bd7 h3 53. Bxh3 Kh6 54. Bg4 Kh7 55. Kg5 Kg7 56. Be2 1-0

[Event "*** SCC Grand Prix: Titled Tuesday Blitz"]
[Site "Chess.com"]
[Date "2020.06.09"]
[Round "3"]
[White "MF1966Idrisov"]
[Black "Semetey"]
[Result "1/2-1/2"]
[WhiteElo "2285"]
[BlackElo "2527"]
[TimeControl "180+1"]
[EndTime "9:29:34 PDT"]
[Termination "Game drawn - insufficient material"]

1. Nf3 g6 2. b3 Bg7 3. d4 c5 4. Bb2 Nc6 5. e3 cxd4 6. exd4 d5 7. h3 Nf6 8. Bd3 Bf5 9. O-O O-O 10. Bxf5 gxf5 11. Ne5 e6 12. Nxc6 bxc6 13. Nd2 Ne4 14. Nxe4 fxe4 15. f3 f5 16. fxe4 fxe4 17. Qg4 Qd7 18.
Kh1 Kh8 19. Rxf8+ Rxf8 20. Ba3 Rf2 21. Qg3 Qf7 22. Bc5 Rxc2 23. Qb8+ Qg8 24. Qxa7 Bh6 25. Rg1 Bf4 26. Qe7 Bg5 27. Qc7 h5 28. Qe5+ Kh7 29. h4 Bh6 30. Qxh5 e3 31. Bd6 e2 32. Bf4 Qg6 33.
Qxh6+ Qxh6 34. Bxh6 Kxh6 35. Re1 Kh5 36. Kg1 Kxh4 37.
Kf2 Rxa2 38. Rxe2 Ra3 39. Rxe6 Rxb3 40. Rxc6 Kg4 41. Re6 Rd3 42. Re8 Rxd4 43. Rg8+ Kf5 44.
Rf8+ Ke5 45. Kf3 Rd3+ 46. Ke2 Ra3 47. Re8+ Kd4 48. Kf2 Ra2+ 49. Kf3 Kc3 50. g4 d4 51. Rc8+ Kd2 52. g5 d3 53. Kf4 Ke2 54. Re8+ Kd1 55. g6 Ra7 56. Kf5 d2 57. Rd8 Ke1 58. Re8+ Kf2 59.
Rd8 Ke2 60. Kf6 d1=Q 61. Rxd1 Kxd1 62. g7 Ra6+ 63. Kf7 Ra7+ 64. Kf8 Ra8+ 65. Kf7 Rb8 66.
g8=Q Rxg8 67. Kxg8 1/2-1/2

[Event "*** SCC Grand Prix: Titled Tuesday Blitz"]
[Site "Chess.com"]
[Date "2020.06.09"]
[Round "3"]
[White "CHESSMASTER759"]
[Black "Quiet_Desperation"]
[Result "1-0"]
[WhiteElo "2600"]
[BlackElo "1904"]
[TimeControl "180+1"]
[EndTime "9:29:34 PDT"]
[Termination "CHESSMASTER759 won by resignation"]

1. e4 e6 2. d4 d5 3. Nd2 Nf6 4. e5 Nfd7 5. Bd3 c5 6. c3 Nc6 7.
Ne2 cxd4 8. cxd4 f6 9. exf6 Nxf6 10. O-O Bd6 11. Nf3 Qc7 12. Bg5 O-O 13. Bh4 Nh5 14. Rc1 g6 15. Nc3 a6 16. Re1 Qg7 17.
Bb1 Bd7 18. a3 Rxf3 19. Qxf3 Nxd4 20. Qd3 Nf4 21. Qd1 Rf8 22. Bg3 Bc6 23. f3 e5 24.
Ba2 Qf7 25. Bxf4 Qxf4 26. Nxd5 Bxd5 27. Bxd5+ Kh8 28. Re4 Qg5 29. Kh1 Nf5 30. Bxb7 Bb8 31. Rc2 Ne3 32. Qc1 Ba7 33. Re2 Rd8 34. R4xe3 Bxe3 35. Rxe3 Rd4 36. Re1 Qd8 37. Qc3 Rd1 38. Qxe5+ Kg8 39.
g3 Qd2 40. Rxd1 Qxd1+ 41. Kg2 Qc2+ 42. Kh3 Qc5 43. Bd5+ Kf8 44. Qf6+ Ke8 45. Be6 Qd6 46. Qf7+ Kd8 47. Qd7+ Qxd7 48. Bxd7 Kxd7 49. Kg4 a5 1-0